 Dungeon Crawl Stone Soup version 0.29-a0-653-gd47aff6735 (webtiles) character file.

Game seed: 10619051712584810011

70 kae the Insei (level 4, -5/4 (36) HPs)
             Began as a Meteoran Transmuter on June 21, 2022.
             Slain by an orc
             ... wielding a +0 flail
              (9 damage)
             ... on level 4 of the Dungeon.
             The game lasted 00:03:36 (2288 turns).

kae the Insei (Meteoran Transmuter)                 Turns: 2288, Time: 00:03:37

HP:   -5/4 (36)     AC:  2    Str: 18    XL:     4   Next: 72%
MP:   7/10          EV: 20    Int: 16    God:
Gold: 199           SH:  0    Dex: 19    Spells: 3/9 levels left

rFire   . . .      SeeInvis .     - Unarmed
rCold   . . .      Faith    .   (shield currently unavailable)
rNeg    . . .      Spirit   .   (body armour currently unavailable)
rPois   x          Reflect  .   (helmet currently unavailable)
rElec   .          Harm     .   (cloak currently unavailable)
rCorr   .          Rampage  .   (gloves currently unavailable)
Will    .....                   (boots currently unavailable)
Stlth   +.........              (no amulet)
HPRegen 0.01/turn               S - +6 ring of strength
MPRegen 0.12/turn               (no ring)

@: spider-form, glowing, extremely drained
A: venomous fangs, tiny, sense surroundings 1, otherworldly, glowing, explore
regen
a: End Transformation


You were on level 4 of the Dungeon.
You were a venomous arachnid creature.
You visited 1 branch of the dungeon, and saw 4 of its levels.

You collected 199 gold pieces.


Innate Abilities, Weirdness & Mutations

You are a venomous arachnid creature.
You have poisonous fangs.
You are tiny and dextrous.
Your spellcasting is less reliable in this form.
Your armour is entirely melded.
You are incapable of wielding weapons or throwing items.
You passively map a small area around you.
You are easily found by Zot.
You glow in the dark.
You regain HP and MP as you explore.


   Skills:
 + Level 1.9 Fighting
 - Level 2.4 Dodging
 * Level 4.5 Unarmed Combat
 + Level 3.4 Spellcasting
 * Level 3.5 Transmutations
 + Level 0.2 Poison Magic


You had 3 spell levels left.
You knew the following spells:

 Your Spells              Type           Power      Damage    Failure   Level
a - Beastly Appendage     Tmut           26%        N/A       13%         1
b - Wereblood             Tmut           13%        N/A       17%         2
c - Spider Form           Tmut/Pois      8%         N/A       47%         3

Your spell library contained the following spells:

 Spells                   Type           Power      Damage    Failure   Level
 Call Canine Familiar     Summ           2%         N/A       69%         3
 Portal Projectile        Hex/Tloc       4%         N/A       69%         3
 Ice Form                 Ice/Tmut       8%         N/A       83%         4
 Leda's Liquefaction      Hex/Erth       1%         N/A       96%         4

Inventory:

Hand Weapons
 n - a +0 rapier (melded)
   (You found it on level 2 of the Dungeon)
Missiles
 e - 35 stones
Armour
 a - a +0 robe (melded)
 f - a +0 leather armour
   (You found it on level 1 of the Dungeon)
 i - a +0 ring mail
   (You found it on level 1 of the Dungeon)
 o - a +0 scale mail
   (You found it on level 2 of the Dungeon)
 s - a +0 robe
   (You found it on level 3 of the Dungeon)
 t - a +0 robe
   (You found it on level 4 of the Dungeon)
Jewellery
 S - a +6 ring of strength (left front leg)
   (You found it on level 2 of the Dungeon)
Scrolls
 d - a scroll of blinking {unknown}
 h - a scroll of summoning {unknown}
 j - a scroll of immolation {unknown}
 l - 2 scrolls of teleportation {unknown}
 m - 3 scrolls of identify {unknown}
Potions
 b - 2 potions of lignification {!q}
 c - 3 potions of flight {unknown}
 g - a potion of invisibility {unknown}
 k - 3 potions of attraction {unknown}
 p - a potion of magic {unknown}
 q - a potion of degeneration {unknown}
 r - a potion of curing {unknown}

Dungeon Overview and Level Annotations

Branches:
Dungeon (4/15) Zot: 709
 Temple: D:4-7

Altars:

, #.#######.....#....## *
..o..o.#.............#.....# ,,
.....oo#.............+.....# ,,,
.......#......##.....#.....# ,
*.......#......##.....#....##,
.....................##...######
,..... #.....##.....##...##....
..$##..##.....##..<..##.........
........'...o.os................
.......##.....##.....##...##....
#..##..*#.....##.....##...##'###
*. #####.....##.....##...##....
#...................#.... * ,,*
#.............##...#..... *
#.............######.....
##.....##......# #.####
########......# ###


You could see 2 orcs.


Message History

You kill the quokka!
No target in view!
No target in view!
No target in view!
No target in view!
Your transformation is almost over. 😎 MP[+1]
Your mp is fully restored (10).
A worm is nearby!
Your horns disappear.
Your talons disappear.
Casting: Beastly Appendage (safe; 4% risk of failure)
Confirm with . or Enter, or press ? or * to list all spells.
The spell is potentially lethal to miscast (26% risk of failure)!
Continue anyway? [Y]es or [N]o only, please.
The spell is potentially lethal to miscast (26% risk of failure)!
Continue anyway?
You turn into a venomous arachnid creature.
Your +0 rapier melds into your body.
Your +0 robe melds into your body. 😎 MP[-3]
You lost 3 mp, and now have 7/10 mp. 😎 MP[+1]
You bite the worm!
The worm is poisoned.
You bite the worm!
You kill the worm!
No target in view!
No target in view! 😎 MP[+1]
s - a +0 robe Your transformation is almost over. 😎 MP[+1]
Your mp is fully restored (10).
Zot draws nearer.
Dive deeper or flee this branch before you suffer!
Okay, then.
Your transformation has ended.
Your +0 rapier unmelds from your body.
Your +0 robe unmelds from your body.
(D) Dungeon
Where to? (Enter - D:3 @ (x,y), ? - help)
There is an open door here.
Zot has nearly found you.
Suffering is approaching.
Descend or flee this branch!
(D) Dungeon
Where to? (Enter - D:3 @ (x,y), ? - help)
You open the door.
There is an open door here.
Zot's power touches on you...
You feel drained.
There is a stone staircase leading down here. 😎 HP[-14]
You now have 4 max hp (-14).
You climb downwards.
There is a stone staircase leading up here.
Okay, then.
Casting: Spider Form (potentially lethal; 26% risk of failure)
Confirm with . or Enter, or press ? or * to list all spells.
The spell is potentially lethal to miscast (26% risk of failure)!
Continue anyway? [Y]es or [N]o only, please.
The spell is potentially lethal to miscast (26% risk of failure)!
Continue anyway?
You turn into a venomous arachnid creature.
Your +0 rapier melds into your body.
Your +0 robe melds into your body. 😎 MP[-3]
You lost 3 mp, and now have 7/10 mp. 😎 MP[+1]
You hit the dart slug.
The dart slug is poisoned.
You kill the dart slug! 😎 MP[+1]
t - a +0 robe Your transformation is almost over.
You pick up a book of the Hunter and begin reading...
You add the spells Call Canine Familiar, Portal Projectile and Leda's Liquefaction to your library. 😎 MP[+1]
Your mp is fully restored (10).
Your transformation has ended.
Your +0 rapier unmelds from your body.
Your +0 robe unmelds from your body.
There is a stone staircase leading up here.
You now have 185 gold pieces (gained 15).
e - 35 stones (gained 5)
You now have 199 gold pieces (gained 14).
You open the door.
There is an open door here.
Key pressed, stopping explore.
You open the door.
There is an open door here. 2 orcs come into view.
The orc shouts!
You hear a shout!
An orc comes into view. It is wielding a +0 trident.
An orc comes into view. It is wielding a +0 falchion.
There is an open door here.
Casting: Spider Form (potentially lethal; 26% risk of failure)
Confirm with . or Enter, or press ? or * to list all spells.
The spell is potentially lethal to miscast (26% risk of failure)!
Continue anyway? [Y]es or [N]o only, please.
The spell is potentially lethal to miscast (26% risk of failure)!
Continue anyway?
You turn into a venomous arachnid creature.
Your +0 rapier melds into your body.
Your +0 robe melds into your body. 😎 MP[-3]
You lost 3 mp, and now have 7/10 mp.
You barely miss the orc. The orc misses you.
You hit the orc.
The orc is poisoned.
The orc sings a few bars from the Orcish anthem.
The orc hits you with a +0 flail!
Ouch! That really hurt!
You die...

Skill      XL: |  1  2  3 |
---------------+----------+-----
Unarmed Combat | 4 |  4.5
Spellcasting   | 3 |  3.4
Transmutations | 3 |  3.5
Fighting       | |  1.9
Dodging        | |  2.4
Poison Magic   | |  0.2

Action                   |  1- 3 |  4- 6 || total
-------------------------+-------+-------++-------
Melee: Unarmed           |    49 |    10 ||    59
       Headbutt          |     8 |       ||     8
       Kick              |    13 |     3 ||    16
       Rapier            |    19 |    25 ||    44
 Cast: Beastly Appendage |    21 |     6 ||    27
       Spider Form       |       |     4 ||     4
Armor: Robe              |    28 |     7 ||    35
       Skin              |       |     1 ||     1
Dodge: Dodged            |    45 |    21 ||    66

Levels and vault maps discovered:
D:1:      amcnicky_arrival_abandoned_market, layout_basic,
          hellmonk_ecumenical_altar_crossroads
D:2:      layout_basic
D:3:      layout_basic, good_gods_mini_temple, nrook_loot_triangle
D:4:      cheibrodos_pilgrimage, layout_gridville, serial_shops, shop,
          chequers_avenue, uniq_crazy_yiuf_cottage

Notes
Turn   | Place    | Note
-------+----------+-------------------------------------------
     0 | D:1      | kae the Meteoran Transmuter began the quest for the Orb.
     0 | D:1      | Reached XP level 1. HP: 16/16 MP: 5/5
     0 | D:1      | magus.rc [v1.11.3]
    75 | D:1      | Reached XP level 2. HP: 15/23 MP: 4/6
    87 | D:1      | Found a faded altar of an unknown god.
   104 | D:1      | Learned a level 2 spell: Wereblood
   165 | D:1      | Reached skill level 4 in Unarmed Combat
   310 | D:1      | Reached skill level 3 in Spellcasting
   464 | D:1      | Reached XP level 3. HP: 28/28 MP: 6/8
   468 | D:1      | Learned a level 3 spell: Spider Form
   503 | D:1      | Glimpsed the power of Zot.
   553 | D:1      | Glimpsed the power of Zot.
   593 | D:1      | Glimpsed the power of Zot.
   602 | D:1      | Glimpsed the power of Zot.
   603 | D:1      | Touched by the power of Zot.
   704 | D:1      | Glimpsed the power of Zot.
   985 | D:2      | Reached skill level 3 in Transmutations
  1258 | D:2      | Reached XP level 4. HP: 17/30 MP: 7/9
  1301 | D:2      | Glimpsed the power of Zot.
  1350 | D:2      | Glimpsed the power of Zot.
  1390 | D:2      | Glimpsed the power of Zot.
  1897 | D:3      | Glimpsed the power of Zot.
  1947 | D:3      | Glimpsed the power of Zot.
  1987 | D:3      | Glimpsed the power of Zot.
  1996 | D:3      | Glimpsed the power of Zot.
  1997 | D:3      | Touched by the power of Zot.
  2098 | D:3      | Glimpsed the power of Zot.
  2148 | D:3      | Glimpsed the power of Zot.
  2188 | D:3      | Glimpsed the power of Zot.
  2197 | D:3      | Touched by the power of Zot.
  2212 | D:4      | You pick up a book of the Hunter and begin reading...
  2212 | D:4      | You add the spells Call Canine Familiar, Portal Projectile
                  | and Leda's Liquefaction to your library.
  2288 | D:4      | Slain by an orc

Vanquished Creatures
  2 adders (D:2)
  2 worms
  A dart slug (D:4)
  4 endoplasms
  2 giant cockroaches (D:1)
  5 goblins
  2 hobgoblins (D:1)
  3 jackals (D:1)
  4 quokkas
  3 ball pythons
  3 bats
  3 frilled lizards
  7 kobolds
  4 rats
45 creatures vanquished.

Vanquished Creatures (others)
  4 plants (D:3)
4 creatures vanquished.

Grand Total: 49 creatures vanquished

Table legend:
 A = Non-vault XP
 B = Vault XP
 C = Vault XP percentage of total XP
 D = Non-vault monster count
 E = Vault monster count
 F = Vault count percentage of total count
                 A         B        C        D         E       F
            +---------+---------+-------+---------+---------+-------
      Total |     100 |       0 |   0.0 |      45 |       0 |   0.0
            +---------+---------+-------+---------+---------+-------
        D:1 |      30 |       0 |   0.0 |      20 |       0 |   0.0
        D:2 |      47 |       0 |   0.0 |      14 |       0 |   0.0
        D:3 |      19 |       0 |   0.0 |      10 |       0 |   0.0
        D:4 |       4 |       0 |   0.0 |       1 |       0 |   0.0
            +---------+---------+-------+---------+---------+-------

Illustrated notes

Table legend:
 A = Kills in this place as a percentage of kills in entire the game.
 B = Kills by you in this place as a percentage of kills by you in the entire game.
 C = Kills by friends in this place as a percentage of kills by friends in the entire game.
 D = Other kills in this place as a percentage of other kills in the entire game.
 E = Experience gained in this place as a percentage of experience gained in the entire game.
 F = Experience gained in this place divided by the number of levels of this place that you have seen.
                   A       B       C       D       E      F
               +-------+-------+-------+-------+-------+----------------------
         Total | 100.0 | 100.0 |   N/A |   N/A | 100.0 |  25.0
       Dungeon | 100.0 | 100.0 |   N/A |   N/A | 100.0 |  25.0
               +-------+-------+-------+-------+-------+----------------------

Table legend: (Time is in decaauts)
 A = Elapsed time spent in this place.
 B = Non-inter-level travel time spent in this place.
 C = Inter-level travel time spent in this place.
 D = Time resting spent in this place.
 E = Time spent auto-exploring this place.
 F = Levels seen in this place.
 G = Mean time per level.
                   A        B        C        D        E       F      G
               +--------+--------+--------+--------+--------+-----+--------+
         Total |   2290 |   2231 |     59 |     20 |   1783 |   4 |  572.5 |
       Dungeon |   2290 |   2231 |     59 |     20 |   1783 |   4 |  572.5 |
               +--------+--------+--------+--------+--------+-----+--------+

Top non-repeatable levels by time:
     D:3: 805 daAuts
     D:1: 737 daAuts
     D:2: 658 daAuts
     D:4: 88 daAuts
